Map: Redshift LE

Players

MaNa - Winner!

  • Race: Protoss Protoss
  • Spawn Location: 11:00

uThermal

  • Race: Terran Terran
  • Spawn Location: 7:00

Event: WCS Austin 2018

VOD

Have the link to the VOD?

Description

Time

  • Played on: June 1, 2018, 9:41 p.m.
  • Length: 7:34

All games in this series

Show
View Real Time Build Order
Export as new Build Order

MaNa Protoss - Winner!

Build Orders:  

Get SALT Encoding   

  12  0:00  Probe  
  13  0:12  Probe  
  14  0:17  Pylon  
  14  0:24  Probe  
  15  0:32  Probe  
  15  0:38  Gateway  
  15  0:40  Probe  
  16  0:46  Assimilator  
  17  0:50  Probe  
  18  0:58  Probe  
  19  1:06  Probe  
  19  1:10  Pylon  
  20  1:17  Probe  
  21  1:26  Zealot  
  21  1:27  Cybernetics Core  
  23  1:50  Nexus  
  23  1:53  Stalker, Assimilator  
  23  1:57  Probe  
  26  2:09  Probe  
  26  2:11  Warp Gate  
  27  2:21  Probe  
  28  2:23  Stalker  
  30  2:33  Probe  
  31  2:40  Robotics Facility  
  31  2:47  Pylon  
  31  3:01  Stalker, Probe  
  32  3:07  Probe  
  32  3:11  Probe  
  33  3:15  Probe  
  33  3:19  Probe  
  35  3:25  Gateway  
  35  3:26  Gateway  
  35  3:27  Probe  
  36  3:29  Observer  
  36  3:31  Probe  
  36  3:32  Sentry  
  41  3:43  Probe  
  41  3:44  Probe  
  41  3:50  Immortal  
  41  3:55  Shield Battery, Probe  
  46  3:56  Probe  
  47  4:07  Probe  
  47  4:08  Probe  
  49  4:15  Pylon  
  49  4:19  Sentry, Probe  
  49  4:20  Probe  
  49  4:23  Immortal  
  49  4:24  Assimilator  
  53  4:28  Observer  
  53  4:31  Probe  
  53  4:36  Pylon  
  58  4:40  Zealot  
  58  4:41  Zealot  
  62  4:48  Gateway  
  62  4:49  Gateway  
  62  4:52  Warp Prism  
  62  4:53  Gateway  
  62  4:56  Gateway  
  64  5:07  Sentry x3  
  64  5:12  Pylon  
  70  5:25  Pylon  
  70  5:29  Pylon  
  70  5:36  Stalker, Zealot  
  70  5:41  Pylon  
  74  5:43  Pylon  
  74  5:51  Adept x3  
  74  5:52  Adept  
  82  6:00  Pylon  
  82  6:10  Sentry x3  
  82  6:12  Zealot x3, Sentry  
  80  6:33  Zealot x4, Sentry  
  80  6:34  Zealot  
  80  6:35  Zealot  
  94  6:40  Observer  
  74  6:57  Stalker x4  
  74  6:58  Stalker, Zealot  
  78  7:23  Zealot x3  
  78  7:24  Zealot x4  
Show
View Real Time Build Order
Export as new Build Order

uThermal Terran 

Build Orders: Reaper Expand, MMM Bio 

Get SALT Encoding   

  12  0:01  SCV  
  13  0:13  SCV  
  14  0:16  Supply Depot  
  14  0:25  SCV  
  15  0:38  SCV  
  15  0:40  Barracks  
  16  0:44  Refinery  
  16  0:50  SCV  
  17  1:02  SCV  
  18  1:14  SCV  
  19  1:27  Orbital Command, Reaper  
  20  1:39  Command Center  
  20  1:52  Barracks  
  20  1:53  SCV  
  21  2:00  Barracks Reactor  
  21  2:06  SCV  
  22  2:10  Supply Depot  
  22  2:18  Engineering Bay, SCV  
  23  2:32  SCV  
  23  2:36  Marine x2  
  26  2:41  Barracks Tech Lab  
  27  2:44  SCV  
  27  2:46  Terran Infantry Weapons Level 1  
  27  2:54  Marine x2  
  27  2:56  SCV  
  30  3:06  Orbital Command, Marauder  
  30  3:08  SCV  
  30  3:12  Marine x2  
  34  3:18  Stimpack  
  34  3:20  SCV  
  34  3:24  Barracks  
  35  3:32  SCV  
  36  3:35  Marauder  
  36  3:36  Marine  
  39  3:43  SCV  
  39  3:46  SCV  
  39  3:48  Supply Depot  
  41  3:49  Marine  
  41  3:54  Marine  
  43  3:56  Marine, SCV  
  43  4:01  Supply Depot  
  43  4:02  SCV  
  45  4:12  Barracks Tech Lab  
  45  4:14  Marine x2, SCV  
  45  4:15  Marauder  
  50  4:17  SCV  
  50  4:18  Refinery  
  50  4:24  Supply Depot  
  51  4:26  SCV  
  51  4:29  SCV  
  51  4:31  Combat Shields  
  53  4:32  Marine x2  
  53  4:33  Marine  
  53  4:36  Marine  
  57  4:39  SCV  
  57  4:41  SCV  
  59  4:47  Supply Depot  
  59  4:50  Refinery, Marine x2  
  59  4:51  SCV  
  62  4:52  Terran Infantry Armor Level 1  
  62  4:53  Marine  
  62  4:54  Marine  
  62  4:58  SCV  
  65  5:03  SCV  
  65  5:10  SCV  
  65  5:12  Factory  
  65  5:13  Marine x4  
  70  5:17  SCV  
  70  5:18  Supply Depot  
  71  5:22  Concussive Shells, SCV  
  72  5:29  SCV  
  72  5:32  Refinery  
  72  5:34  SCV  
  67  5:37  Marine  
  67  5:38  Bunker  
  67  5:39  Bunker  
  67  5:41  Marine x2, SCV  
  71  5:43  Marine  
  72  5:55  Marine, Factory Reactor  
  72  5:56  Starport  
  73  5:59  Marine  
  73  6:00  Marauder  
  73  6:01  Marine  
  77  6:08  SCV  
  68  6:13  Armory, Marine  
  68  6:17  Marine  
  70  6:18  SCV  
  70  6:19  Marauder  
  70  6:21  Marauder, SCV  
  75  6:30  Marine  
  74  6:34  Marine  
  74  6:39  Medivac  
  75  6:40  Medivac  
  75  6:41  Marauder  
  75  6:42  Marauder  
  70  6:48  Marine  
  70  6:52  Marine, SCV  
  46  7:02  Marauder  
  46  7:04  Marauder  
  46  7:06  Marine  
  49  7:11  Marine  
Tags
 
Add a new tag
Caveats
  • Supply blocks, unpowered buildings, or Contaminate may cause inaccurate times.
  • Supply counts are checked every 10 seconds.